Map: Catalyst LE

Players

Solar - Winner!

  • Race: Zerg Zerg
  • Spawn Location: 5:00

TRUE

  • Race: Zerg Zerg
  • Spawn Location: 11:00

Event: IEM Season 12 - Katowice

VOD

Have the link to the VOD?

Description

Time

  • Played on: March 1, 2018, 3:39 p.m.
  • Length: 6:01

All games in this series

Show
View Real Time Build Order
Export as new Build Order

Solar Zerg - Winner!

Build Orders: Hatch First, Zergling Baneling 

Get SALT Encoding   

  12  0:01  Drone  
  13  0:13  Overlord  
  13  0:18  Drone  
  14  0:32  Drone x2  
  16  0:49  Hatchery  
  15  0:52  Drone  
  15  0:55  Drone  
  17  0:59  Drone  
  18  1:05  Extractor  
  17  1:14  Spawning Pool  
  16  1:18  Drone  
  16  1:21  Drone  
  18  1:29  Drone  
  19  1:39  Drone  
  20  1:50  Overlord  
  20  2:01  Queen x2  
  20  2:02  Zergling x4  
  26  2:08  Metabolic Boost  
  26  2:17  Drone x2  
  28  2:23  Drone  
  29  2:36  Hatchery  
  28  2:39  Drone  
  28  2:42  Drone  
  30  2:47  Baneling Nest  
  30  2:49  Drone  
  31  2:51  Zergling x2  
  31  2:54  Drone  
  32  2:59  Overlord  
  32  3:03  Drone  
  32  3:05  Drone  
  34  3:09  Drone  
  34  3:11  Drone  
  36  3:19  Zergling x2  
  36  3:20  Drone x3  
  36  3:23  Zergling x2  
  36  3:24  Zergling x2  
  41  3:29  Zergling x2  
  41  3:30  Zergling x2  
  41  3:31  Baneling  
  43  3:38  Baneling x2  
  43  3:45  Overlord  
  43  3:47  Queen, Zergling x2  
  45  3:48  Zergling x2  
  45  3:49  Zergling x4  
  45  3:50  Zergling x2  
  45  3:51  Baneling x2  
  49  3:55  Overlord  
  49  4:00  Overlord  
  49  4:02  Overlord  
  49  4:06  Drone  
  50  4:11  Drone  
  50  4:12  Drone  
  50  4:14  Drone  
  50  4:15  Drone  
  50  4:16  Drone x2  
  56  4:21  Baneling  
  53  4:28  Drone x2  
  53  4:30  Roach Warren, Extractor x2, Zergling x4  
  54  4:32  Zergling x2  
  54  4:34  Zergling x2  
  54  4:36  Zergling x2  
  54  4:38  Zergling x2  
  57  4:41  Zergling x2  
  57  4:42  Zergling x2  
  59  4:47  Zergling x2  
  59  4:48  Baneling x2  
  59  4:52  Zergling x2  
  59  4:53  Zergling x2  
  59  4:59  Zergling x6  
  62  5:06  Overlord  
  58  5:12  Roach x5  
  68  5:14  Roach  
  69  5:22  Roach  
  69  5:24  Roach  
  72  5:29  Roach  
  72  5:32  Roach  
  72  5:35  Roach x3  
  80  5:37  Roach  
  80  5:38  Roach  
  84  5:42  Zergling x4  
  84  5:43  Zergling x2  
Show
View Real Time Build Order
Export as new Build Order

TRUE Zerg 

Build Orders: Hatch First 

Get SALT Encoding   

  12  0:00  Drone  
  13  0:12  Overlord  
  13  0:17  Drone  
  14  0:30  Drone  
  14  0:31  Drone  
  14  0:33  Drone  
  17  0:52  Hatchery  
  17  0:56  Drone  
  17  1:02  Extractor  
  16  1:11  Spawning Pool  
  16  1:14  Drone  
  16  1:18  Drone  
  17  1:23  Drone  
  18  1:27  Drone  
  19  1:38  Overlord  
  19  1:57  Queen  
  21  2:03  Queen  
  21  2:04  Metabolic Boost  
  21  2:05  Zergling x2  
  21  2:07  Zergling x2  
  25  2:11  Drone  
  25  2:14  Drone  
  27  2:17  Drone  
  27  2:22  Drone  
  29  2:25  Drone  
  30  2:44  Hatchery  
  29  2:53  Drone, Baneling Nest  
  29  2:54  Drone x2  
  29  2:56  Drone  
  32  3:01  Overlord  
  31  3:11  Zergling x4  
  33  3:18  Zergling x2  
  33  3:19  Zergling x2  
  35  3:20  Zergling x2  
  35  3:21  Zergling x4  
  39  3:27  Drone x2  
  39  3:30  Drone x2  
  42  3:43  Drone  
  42  3:44  Overlord  
  43  3:57  Zergling x12  
  43  3:59  Baneling x2  
  49  4:07  Zergling x6  
  49  4:08  Zergling x2  
  51  4:21  Drone x5  
  51  4:22  Drone x2  
  51  4:23  Drone  
  54  4:27  Zergling x4  
  54  4:28  Zergling x2  
  56  4:34  Queen  
  56  4:38  Extractor, Overlord  
  58  4:39  Evolution Chamber  
  56  4:47  Baneling x2  
  48  4:59  Zergling x8  
  40  5:00  Zergling x2  
  40  5:01  Zergling x12  
  40  5:06  Zergling x4  
  43  5:11  Queen, Zergling x2  
  43  5:14  Zergling x2  
  46  5:20  Zergling x2  
  46  5:21  Baneling x2  
  47  5:23  Zergling x2  
  47  5:24  Zergling x2  
  45  5:29  Zergling x2  
  45  5:33  Baneling  
  45  5:34  Baneling, Zergling x2  
  45  5:35  Zergling x2  
  48  5:42  Zergling x4  
  42  5:43  Zergling x6  

Tags
 
Add a new tag
Caveats
  • Supply blocks, unpowered buildings, or Contaminate may cause inaccurate times.
  • Supply counts are checked every 10 seconds.